 Dungeon Crawl Stone Soup version 0.27-a0-1416-g941b2bd30b (webtiles) character file.

Game seed: 1941716480972325791

120 sokol815 the Digger (level 5, -4/31 HPs)
             Began as an Octopode Earth Elementalist on July 2, 2021.
             Slain by an orc (5 damage)
             ... on level 3 of the Dungeon.
             The game lasted 00:07:39 (2978 turns).

sokol815 the Digger (Octopode Earth Elementalist)   Turns: 2978, Time: 00:07:40

Health: -4/31      AC:  1    Str:  7    XL:     5   Next: 4%
Magic:  8/8        EV: 13    Int: 18    God:
Gold:   78         SH:  0    Dex: 13    Spells: 4/8 levels left

rFire    . . .     SeeInvis .   a - +0 short sword
rCold    . . .     Faith    .   (no shield)
rNeg     . . .     Spirit   .   (helmet restricted)
rPois    .         Reflect  .   (no amulet)
rElec    .         Harm     .   X - ring of resist corrosion
rCorr    +         Rampage  .   (no ring)
Will     .....                  (no ring)
Stlth    +++.......             (no ring)
HPRegen  0.10/turn              (no ring)
MPRegen  0.11/turn              (no ring)
                                (no ring)
                                (no ring)

@: no status effects
A: almost no armour, amphibious, 8 rings, camouflage 1, gelatinous body 1,
(nimble swimmer 1), tentacles
a: no special abilities


You were on level 3 of the Dungeon.
You visited 1 branch of the dungeon, and saw 3 of its levels.

You collected 78 gold pieces.

Inventory:

Hand Weapons
 a - a +0 short sword (weapon)
   (You took it off a kobold on level 2 of the Dungeon)
 j - a +0 whip
   (You found it on level 1 of the Dungeon)
Missiles
 d - 58 sling bullets
 g - 35 arrows
 i - 6 javelins
Jewellery
 X - a ring of resist corrosion (left tentacle)
   (You found it on level 2 of the Dungeon)
Scrolls
 b - 2 scrolls of noise {unknown}
 f - 4 scrolls of identify {unknown}
 h - 2 scrolls of teleportation {unknown}
 l - a scroll of fear {unknown}
Potions
 c - a potion of ambrosia {unknown}
 e - 2 potions of curing {unknown}
 k - 2 potions of brilliance {unknown}


   Skills:
 - Level 2.0 Dodging
 - Level 2.6 Stealth
 - Level 2.0 Spellcasting
 * Level 2.6 Conjurations
 - Level 1.0 Transmutations
 - Level 4.7 Earth Magic


You had 4 spell levels left.
You knew the following spells:

 Your Spells              Type           Power      Damage    Failure   Level
a - Sandblast             Erth           36%        2d10      2%          1
x - Stone Arrow           Conj/Erth      30%        3d8       12%         3

Your spell library contained the following spells:

 Spells                   Type           Power      Damage    Failure   Level
 Passwall                 Tmut/Erth      10%        N/A       9%          2
 Pain                     Necr           4%         1d4       19%         1
 Petrify                  Tmut/Erth      12%        N/A       50%         4
 Lee's Rapid Deconstruct  Erth           9%         3d8*      58%         5
 Fireball                 Conj/Fire      3%         3d4       96%         5
 Agony                    Necr           1%         N/A       99%         5
 Excruciating Wounds      Necr           0%         N/A       99%         5
 Starburst                Conj/Fire      3%         8x6d3     100%        6
 Ignition                 Fire           0%         3d3       100%        8


Dungeon Overview and Level Annotations

Branches:
Dungeon (3/15)

Altars:

Shops:
D:2 ?

Annotations:
D:2 1 runed translucent door, exclusions: door and jelly, Crazy Yiuf, Robin


Innate Abilities, Weirdness & Mutations

You cannot wear most types of armour.
You are amphibious.
You can wear up to eight rings at the same time.
Your skin changes colour to match your surroundings (Stealth+).
Your rubbery body absorbs attacks. (AC +1, EV +1)
((You are camouflaged near water. (Stealth+)))
You have tentacles for arms and can constrict up to eight enemies at once.


Message History

There is a stone staircase leading up here.
The helpless ball python fails to defend itself.
You puncture the ball python!
You kill the ball python!
No target in view!
You open the door.
There is an open door here.
Found a stone staircase leading down.
A bat comes into view.
A bat is nearby!
A kobold comes into view. It is wielding a +0 short sword.
The helpless bat fails to defend itself.
You hit the bat.
You kill the bat!
The helpless kobold fails to defend itself.
You hit the kobold.
You kill the kobold!
No target in view!
No target in view!
A giant cockroach comes into view.
You closely miss the giant cockroach. Your grab misses the giant cockroach.
The giant cockroach closely misses you.
You barely miss the giant cockroach. Your grab misses the giant cockroach.
The giant cockroach barely misses you.
You hit the giant cockroach but do no damage.
Your grab misses the giant cockroach. The giant cockroach barely misses you.
The giant cockroach closely misses you.
You barely miss the giant cockroach. Your grab misses the giant cockroach.
The giant cockroach bites you but does no damage.
You closely miss the giant cockroach. You grab the giant cockroach.
You constrict the giant cockroach, but do no damage.
The giant cockroach bites you but does no damage.
You hit the giant cockroach but do no damage.
You constrict the giant cockroach, but do no damage.
The giant cockroach barely misses you. x2
You hit the giant cockroach.
You constrict the giant cockroach, but do no damage.
The giant cockroach bites you but does no damage.
You hit the giant cockroach. You constrict the giant cockroach.
You kill the giant cockroach!
No target in view!
You see here a giant cockroach corpse.
You open the door.
There is an open door here.
A frilled lizard comes into view.
An orc and an orc wizard come into view.
An orc comes into view. It is wielding a +0 mace.
The orc shouts!
The orc moves out of view.
An orc comes into view. It is wielding a +0 flail.
The orc shouts!
The orc wizard shouts!
The orc shouts!
The frilled lizard hisses angrily.
There is an open door here.
You hit the orc but do no damage. Your grab misses the orc.
Your squeeze misses the orc. You closely miss the orc. You grab the orc.
You constrict the orc. The orc hits you with a +0 hand axe.
The orc wizard completely misses you.
You take 6 damage, and have 21/27 hp.
MASSIVE DAMAGE!!
You hit the orc wizard. You grab the orc wizard. You squeeze the orc wizard!
You constrict the orc. You constrict the orc wizard.
The orc hits you with a +0 hand axe. The orc wizard barely misses you.
You take 5 damage, and have 16/27 hp.
You hit the orc wizard but do no damage.
You squeeze the orc wizard.
You kill the orc wizard!
You constrict the orc. The orc hits you with a +0 hand axe.
Your Conjurations skill increases to level 2!
You have reached level 5!
You feel clever.
You take 2 damage, and have 14/31 hp.
MP restored: 8 You hit the orc.
You constrict the orc.
You kill the orc!
The frilled lizard completely misses you.
You closely miss the frilled lizard. Your grab misses the frilled lizard.
The frilled lizard barely misses you.
You closely miss the frilled lizard. You grab the frilled lizard.
You constrict the frilled lizard. The frilled lizard barely misses you.
You barely miss the frilled lizard. You constrict the frilled lizard.
The frilled lizard closely misses you.
You hit the frilled lizard.
You kill the frilled lizard!
You closely miss the orc. You grab the orc. You squeeze the orc.
You constrict the orc. The orc misses you.
The orc struggles to escape constriction.
You hit the orc. You constrict the orc.
The orc escapes!
You barely miss the orc. Your grab misses the orc.
The orc hits you with a +0 flail!
* * * LOW HITPOINT WARNING * * *
You take 9 damage, and have 5/31 hp.
MASSIVE DAMAGE!!
You barely miss the orc. You grab the orc. You constrict the orc.
You kill the orc!
The orc hits you with a +0 mace.
* * * LOW HITPOINT WARNING * * *
You take 4 damage, and have 1/31 hp.
You barely miss the orc. Your grab misses the orc. You squeeze the orc.
The orc hits you with a +0 mace.
You die...

#.o....#o........#
....#.#.+.........+
##......#.........#
##....###o......#
###.# ##.....## #.
##..!## #. ##'##
#o######.##
#@).......#
##..#####..#
##..†#####..
#...........
##...###....
#####..........
........#######
######..#######
#.........


You could see an orc.

Vanquished Creatures
  An orc wizard (D:3)
  An adder (D:2)
  A dart slug (D:2)
  2 orcs (D:3)
  4 bats
  7 endoplasms
  3 giant cockroaches
  9 goblins
  5 hobgoblins
  15 jackals
  A quokka (D:1)
  4 ball pythons
  3 frilled lizards
  11 kobolds
  6 rats
73 creatures vanquished.

Vanquished Creatures (others)
  7 toadstools (D:2)
7 creatures vanquished.

Grand Total: 80 creatures vanquished

Notes
Turn   | Place    | Note
-------+----------+-------------------------------------------
     0 | D:1      | sokol815 the Octopode Earth Elementalist began the quest
                  | for the Orb.
     0 | D:1      | Reached XP level 1. HP: 11/11 MP: 3/3
   201 | D:1      | Reached XP level 2. HP: 17/17 MP: 3/5
   476 | D:1      | Found a faded altar of an unknown god.
   546 | D:1      | Reached skill level 4 in Earth Magic
   689 | D:1      | Reached XP level 3. HP: 21/21 MP: 4/6
  1426 | D:2      | Found a runed translucent door.
  1427 | D:2      | Noticed Crazy Yiuf
  1484 | D:2      | Learned a level 3 spell: Stone Arrow
  1527 | D:2      | Noticed Robin
  1568 | D:2      | Reached XP level 4. HP: 23/27 MP: 4/7
  1877 | D:2      | Reached skill level 1 in Conjurations
  2567 | D:2      | Found Ugubbaz's Magic Scroll Boutique.
  2969 | D:3      | Reached skill level 2 in Conjurations
  2969 | D:3      | Reached XP level 5. HP: 14/31 MP: 8/8
  2976 | D:3      | HP: 5/31 [orc (9)]
  2977 | D:3      | HP: 1/31 [orc (5)]
  2978 | D:3      | Slain by an orc

Illustrated notes

Levels and vault maps discovered:
D:1:      scummos_arrival_checkerplants, layout_basic,
          shapermc_ecumenical_altar_totnotflames, minmay_hexomino_c4
D:2:      cheibrodos_fertilizer, layout_loops_corners, serial_shops, shop,
          uniq_crazy_yiuf_cottage, uniq_robin
D:3:      layout_loops_corners, serial_glass, glass_columns_a, glass_columns_a

Skill      XL: |  1  2  3  4 |
---------------+-------------+-----
Earth Magic    | 4 |  4.7
Conjurations   | 2 |  2.6
Dodging        | |  2.0
Stealth        | |  2.6
Spellcasting   | |  2.0
Transmutations | |  1.0

Action                   |  1- 3 |  4- 6 || total
-------------------------+-------+-------++-------
Melee: Unarmed           |     5 |       ||     5
       Constrict         |    10 |    18 ||    28
       Club              |    20 |       ||    20
       Tentacles         |     7 |    12 ||    19
       Short sword       |     8 |    72 ||    80
       Whip              |     4 |       ||     4
 Cast: Sandblast         |    30 |     5 ||    35
 Stab: Sleeping          |     1 |     5 ||     6
Armor: Skin              |     6 |     3 ||     9
Dodge: Dodged            |    24 |    49 ||    73

Table legend: (Time is in decaauts)
 A = Elapsed time spent in this place.
 B = Non-inter-level travel time spent in this place.
 C = Inter-level travel time spent in this place.
 D = Time resting spent in this place.
 E = Time spent auto-exploring this place.
 F = Levels seen in this place.
 G = Mean time per level.
                   A        B        C        D        E       F      G
               +--------+--------+--------+--------+--------+-----+--------+
         Total |   2989 |   2856 |    133 |    721 |   1697 |   3 |  996.3 |
       Dungeon |   2989 |   2856 |    133 |    721 |   1697 |   3 |  996.3 |
               +--------+--------+--------+--------+--------+-----+--------+

Top non-repeatable levels by time:
     D:2: 1474 daAuts
     D:1: 1388 daAuts
     D:3: 127 daAuts

Table legend:
 A = Kills in this place as a percentage of kills in entire the game.
 B = Kills by you in this place as a percentage of kills by you in the entire game.
 C = Kills by friends in this place as a percentage of kills by friends in the entire game.
 D = Other kills in this place as a percentage of other kills in the entire game.
 E = Experience gained in this place as a percentage of experience gained in the entire game.
 F = Experience gained in this place divided by the number of levels of this place that you have seen.
                   A       B       C       D       E      F
               +-------+-------+-------+-------+-------+----------------------
         Total | 100.0 | 100.0 |   N/A |   N/A | 100.0 |  57.3
       Dungeon | 100.0 | 100.0 |   N/A |   N/A | 100.0 |  57.3
               +-------+-------+-------+-------+-------+----------------------
